TOP OF THE 1ST |
Nashua Redlegs batting - Pitching for El Paso Texans : RHP Cliff Wolfe
|
Pitching: RHP Cliff Wolfe
|
|
Batting: LHB Bob Campbell
|
0-0: Called Strike 0-1: Ball 1-1: Swinging Strike 1-2: Ball 2-2: Ground out U3 (Groundball, 34)
|
Batting: RHB Katsuhito Ohayashi
|
0-0: Called Strike 0-1: Ball 1-1: Swinging Strike 1-2: Foul Ball, location: 2F 1-2: Strikes out swinging
|
Batting: RHB Jorge Valenzuela
|
0-0: Called Strike 0-1: Foul Ball, location: 2F 0-2: Ball 1-2: Ball 2-2: Ball 3-2: Strikes out looking
|
Top of the 1st over - 0 run(s), 0 hit(s), 0 error(s), 0 left on base; Nashua 0 - El Paso 0 |
BOTTOM OF THE 1ST |
El Paso Texans batting - Pitching for Nashua Redlegs : RHP Ángel Germán
|
Pitching: RHP Ángel Germán
|
|
Batting: RHB Jody Díaz
|
0-0: Called Strike 0-1: Foul Ball, location: 2F 0-2: Ball 1-2: Ball 2-2: Ground out 1-3 (Groundball, 15S)
|
Batting: LHB William Foley
|
0-0: Ground out 1-3 (Groundball, 13)
|
Batting: RHB Marvin Johnson
|
0-0: Ball 1-0: SINGLE (Line Drive, 56)
|
Batting: RHB Andrew O'Dell
|
0-0: Ball 1-0: Ball 2-0: Ball 3-0: Base on Balls Marvin Johnson to second
|
Batting: LHB Roberto Félix
|
0-0: Ball 1-0: Called Strike 1-1: Swinging Strike 1-2: Ball 2-2: Strikes out swinging, 2-3 out at first.
|
Bottom of the 1st over - 0 run(s), 1 hit(s), 0 error(s), 2 left on base; Nashua 0 - El Paso 0 |
TOP OF THE 2ND |
Nashua Redlegs batting - Pitching for El Paso Texans : RHP Cliff Wolfe
|
Batting: SHB José Vélez
|
0-0: Ball 1-0: Fly out, F8 (Flyball, 8LM)
|
Batting: RHB Dave Warren
|
0-0: Ball 1-0: Ball 2-0: Called Strike 2-1: Foul Ball, location: 2F 2-2: Strikes out swinging
|
Batting: SHB Chris Young
|
0-0: Ball 1-0: Ball 2-0: Ball 3-0: Base on Balls
|
Batting: LHB César Rodríguez
|
0-0: Called Strike 0-1: Fielders Choice at 2nd, 6-4 (Groundball, 6)
|
Top of the 2nd over - 0 run(s), 0 hit(s), 0 error(s), 0 left on base; Nashua 0 - El Paso 0 |
BOTTOM OF THE 2ND |
El Paso Texans batting - Pitching for Nashua Redlegs : RHP Ángel Germán
|
Batting: RHB Javier Álvarez
|
0-0: Ball 1-0: Ball 2-0: Called Strike 2-1: Ball 3-1: Called Strike 3-2: Fly out, F8 (Flyball, 8RD)
|
Batting: LHB Cipriano Rangel
|
0-0: Foul Ball, location: 2F 0-1: Ball 1-1: DOUBLE (Line Drive, 78M)
|
Batting: SHB Oliver Riley
|
0-0: Called Strike 0-1: Ball 1-1: Fly out, F9 (Line Drive, 89D) Runner from 2nd tags up, SAFE at 3rd, no throw
|
Batting: LHB Michael Melton
|
0-0: Called Strike 0-1: Ground out 5-3 (Groundball, 56S)
|
Bottom of the 2nd over - 0 run(s), 1 hit(s), 0 error(s), 1 left on base; Nashua 0 - El Paso 0 |
TOP OF THE 3RD |
Nashua Redlegs batting - Pitching for El Paso Texans : RHP Cliff Wolfe
|
Batting: RHB Bob Fitzgerald
|
0-0: Foul Ball, location: 2F 0-1: Swinging Strike 0-2: Ball 1-2: Strikes out looking
|
Batting: RHB Joe Smith
|
0-0: Ball 1-0: SINGLE (Groundball, 4MD)
|
Batting: LHB Bob Campbell
|
0-0: Called Strike 0-1: SINGLE (Line Drive, 7S) Joe Smith to second
|
Batting: RHB Katsuhito Ohayashi
|
0-0: Swinging Strike 0-1: Ball Throwing error on steal attempt, E2 Joe Smith scores Bob Campbell to third 1-1: Foul Ball, location: 2F 1-2: Foul Ball, location: 2F 1-2: Fly out, F8 (Flyball, 8LM) Runner from 3rd tags up, SCORES, no throw
|
Batting: RHB Jorge Valenzuela
|
0-0: Ball 1-0: Called Strike 1-1: Swinging Strike 1-2: Ball 2-2: Ball 3-2: Foul Ball, location: 2F 3-2: Strikes out swinging
|
Top of the 3rd over - 2 run(s), 2 hit(s), 1 error(s), 0 left on base; Nashua 2 - El Paso 0 |
BOTTOM OF THE 3RD |
El Paso Texans batting - Pitching for Nashua Redlegs : RHP Ángel Germán
|
Batting: RHB Jody Díaz
|
0-0: Ball 1-0: Foul Ball, location: 2F 1-1: Ball 2-1: DOUBLE (Line Drive, 8LD)
|
Batting: LHB William Foley
|
0-0: Called Strike 0-1: Ball 1-1: Ball 2-1: SINGLE (Line Drive, 56) Jody Díaz to third
|
Batting: RHB Marvin Johnson
|
0-0: Called Strike 0-1: Foul Ball, location: 2F 0-2: Ball 1-2: Ball 2-2: Foul Ball, location: 2F 2-2: Foul Ball, location: 2F 2-2: Foul Ball, location: 2F 2-2: Fly out, F6 (Line Drive, 6)
|
Batting: RHB Andrew O'Dell
|
0-0: Ball 1-0: SINGLE (Line Drive, 9S) Jody Díaz scores William Foley to second
|
Batting: LHB Roberto Félix
|
0-0: Ball 1-0: Foul Ball, location: 2F 1-1: Ball 2-1: Called Strike 2-2: Strikes out swinging
|
Batting: RHB Javier Álvarez
|
0-0: Fly out, F8 (Flyball, 8LM)
|
Bottom of the 3rd over - 1 run(s), 3 hit(s), 0 error(s), 2 left on base; Nashua 2 - El Paso 1 |
TOP OF THE 4TH |
Nashua Redlegs batting - Pitching for El Paso Texans : RHP Cliff Wolfe
|
Batting: SHB José Vélez
|
0-0: Called Strike 0-1: Called Strike 0-2: Foul Ball, location: 2F 0-2: Foul Ball, location: 2F 0-2: Ball 1-2: Strikes out swinging
|
Batting: RHB Dave Warren
|
0-0: Ball 1-0: Swinging Strike 1-1: Ball 2-1: SINGLE (Groundball, 6S) (infield hit)
|
Batting: SHB Chris Young
|
0-0: Ball 1-0: Called Strike 1-1: Ball 2-1: Swinging Strike 2-2: Fly out, F7 (Line Drive, 78M)
|
Batting: LHB César Rodríguez
|
0-0: Fly out, F7 (Flyball, 7)
|
Top of the 4th over - 0 run(s), 1 hit(s), 0 error(s), 1 left on base; Nashua 2 - El Paso 1 |
BOTTOM OF THE 4TH |
El Paso Texans batting - Pitching for Nashua Redlegs : RHP Ángel Germán
|
Batting: LHB Cipriano Rangel
|
0-0: Ball 1-0: Foul Ball, location: 2F 1-1: SINGLE (Groundball, 3D)
|
Batting: SHB Oliver Riley
|
0-0: Ball 1-0: Foul Ball, location: 2F 1-1: Called Strike 1-2: Foul Ball, location: 2F 1-2: Ball 2-2: Ball 3-2: Base on Balls Cipriano Rangel to second
|
Batting: LHB Michael Melton
|
0-0: 3-RUN HOME RUN (Flyball, 9D), Distance : 392 ft
|
Batting: RHB Jody Díaz
|
0-0: Ball 1-0: Called Strike 1-1: Ball 2-1: Called Strike 2-2: Ball 3-2: Foul Ball, location: 2F 3-2: Foul Ball, location: 2F 3-2: Foul Ball, location: 2F 3-2: Strikes out swinging
|
Batting: LHB William Foley
|
0-0: Foul Ball, location: 2F 0-1: Ball 1-1: Ball 2-1: Ball 3-1: Base on Balls
|
Batting: RHB Marvin Johnson
|
0-0: Called Strike 0-1: Ball 1-1: Foul Ball, location: 2F 1-2: Ball William Foley steals 2nd base 2-2: Ball 3-2: Fly out, F3 (Popup, 3S)
|
Pitching: RHP Nakamaro Uenohara
|
|
Batting: RHB Andrew O'Dell
|
0-0: Fly out, F8 (Flyball, 78S)
|
Bottom of the 4th over - 3 run(s), 2 hit(s), 0 error(s), 1 left on base; Nashua 2 - El Paso 4 |
TOP OF THE 5TH |
Nashua Redlegs batting - Pitching for El Paso Texans : RHP Cliff Wolfe
|
Batting: RHB Bob Fitzgerald
|
0-0: Ground out U3 (Groundball, 34)
|
Batting: RHB Joe Smith
|
0-0: SINGLE (Line Drive, 8LS)
|
Batting: LHB Bob Campbell
|
0-0: Ball 1-0: SINGLE (Popup, 34D) Joe Smith to second Runner from 2nd tries for 3rd, SAFE, throw made to third Bob Campbell to second
|
Batting: RHB Katsuhito Ohayashi
|
0-0: Ball Wild Pitch! Joe Smith scores Bob Campbell to third 1-0: Ball 2-0: Called Strike 2-1: Foul Ball, location: 2F 2-2: Strikes out swinging
|
Batting: RHB Jorge Valenzuela
|
0-0: SINGLE (Groundball, 56S) (infield hit) Bob Campbell scores
|
Batting: SHB José Vélez
|
0-0: Ball 1-0: Called Strike 1-1: Foul Ball, location: 2F 1-2: Fly out, F2 (Popup, 15)
|
Top of the 5th over - 2 run(s), 3 hit(s), 0 error(s), 1 left on base; Nashua 4 - El Paso 4 |
BOTTOM OF THE 5TH |
El Paso Texans batting - Pitching for Nashua Redlegs : RHP Nakamaro Uenohara
|
Batting: LHB Roberto Félix
|
0-0: Ball 1-0: Ball 2-0: Called Strike 2-1: DOUBLE (Line Drive, 7LM)
|
Batting: RHB Javier Álvarez
|
0-0: Called Strike 0-1: Foul Ball, location: 2F 0-2: Ball 1-2: SINGLE (Flyball, 34D) Roberto Félix to third Runner from 3rd tries for Home, SAFE, no throw
|
Batting: LHB Cipriano Rangel
|
0-0: Ball 1-0: Ball 2-0: Ball 3-0: Base on Balls Javier Álvarez to second
|
Batting: SHB Oliver Riley
|
0-0: Called Strike 0-1: Ball 1-1: Foul Ball, location: 2F 1-2: Ball 2-2: Foul Ball, location: 2F 2-2: Fielders Choice at 2nd, 6-4 (Groundball, 6) Javier Álvarez to third
|
Batting: LHB Michael Melton
|
0-0: DOUBLE (Line Drive, 89D) Javier Álvarez scores Oliver Riley to third Runner from 3rd tries for Home, SAFE, no throw
|
Batting: RHB Jody Díaz
|
0-0: Called Strike 0-1: Foul Ball, location: 2F 0-2: Fly out, F8 (Flyball, 89S)
|
Batting: LHB William Foley
|
0-0: Ball 1-0: SINGLE (Flyball, 7LS) Michael Melton to third Runner from 3rd tries for Home, SAFE, no throw
|
Pitching: RHP Jason Spencer
|
|
Batting: RHB Marvin Johnson
|
0-0: Ball 1-0: Called Strike 1-1: DOUBLE (Line Drive, 78XD) William Foley to third Runner from 3rd tries for Home, SAFE, no throw
|
Batting: RHB Andrew O'Dell
|
0-0: Called Strike 0-1: Ball 1-1: SINGLE (Groundball, P) (infield hit) Marvin Johnson to third
|
Batting: LHB Roberto Félix
|
0-0: Called Strike 0-1: Swinging Strike 0-2: Strikes out swinging
|
Bottom of the 5th over - 5 run(s), 6 hit(s), 0 error(s), 2 left on base; Nashua 4 - El Paso 9 |
TOP OF THE 6TH |
Nashua Redlegs batting - Pitching for El Paso Texans : RHP Cliff Wolfe
|
Batting: RHB Dave Warren
|
0-0: Foul Ball, location: 2F 0-1: Ball 1-1: Ball 2-1: Fly out, F8 (Flyball, 8LM)
|
Batting: SHB Chris Young
|
0-0: Single, Error in OF, E9, batter to second base
|
Pitching: RHP Mike Marks
|
|
Batting: LHB César Rodríguez
|
0-0: Called Strike 0-1: Ball 1-1: Foul Ball, location: 2F 1-2: Fly out, F8 (Flyball, 8RM)
|
Batting: RHB Bob Fitzgerald
|
0-0: Called Strike 0-1: Ball 1-1: Called Strike 1-2: Ground out 6-3 (Groundball, 56)
|
Top of the 6th over - 0 run(s), 1 hit(s), 1 error(s), 1 left on base; Nashua 4 - El Paso 9 |
BOTTOM OF THE 6TH |
El Paso Texans batting - Pitching for Nashua Redlegs : RHP Jason Spencer
|
Batting: RHB Javier Álvarez
|
0-0: SINGLE (Groundball, 4D)
|
Batting: LHB Cipriano Rangel
|
0-0: Ball 1-0: Ball 2-0: Ball 3-0: Called Strike 3-1: Base on Balls Javier Álvarez to second
|
Batting: SHB Oliver Riley
|
0-0: Called Strike 0-1: SINGLE (Line Drive, 78M) Javier Álvarez to third Cipriano Rangel to second
|
Batting: LHB Michael Melton
|
0-0: Ball 1-0: Called Strike 1-1: Ball 2-1: Called Strike 2-2: Fielders Choice at 2nd, 6-4 (Groundball, 6) Javier Álvarez scores Cipriano Rangel to third
|
Batting: RHB Jody Díaz
|
0-0: Fly out, F9 (Line Drive, 89M) Runner from 3rd tags up, SCORES, throw made
|
Batting: LHB William Foley
|
0-0: Ball 1-0: Ball 2-0: Foul Ball, location: 2F 2-1: Foul Ball, location: 2F 2-2: Foul Ball, location: 2F 2-2: Ball 3-2: Ground out U3 (Groundball, 34)
|
Bottom of the 6th over - 2 run(s), 2 hit(s), 0 error(s), 1 left on base; Nashua 4 - El Paso 11 |
TOP OF THE 7TH |
Nashua Redlegs batting - Pitching for El Paso Texans : RHP Mike Marks
|
Batting: RHB Joe Smith
|
0-0: Ball 1-0: Called Strike 1-1: Foul Ball, location: 2F 1-2: Ground out 6-3 (Groundball, 6MD)
|
Batting: LHB Bob Campbell
|
0-0: Swinging Strike 0-1: Ball 1-1: Ball 2-1: Ground out 4-3 (Groundball, 4)
|
Batting: RHB Katsuhito Ohayashi
|
0-0: Ball 1-0: Called Strike 1-1: SINGLE (Groundball, 25) (infield hit)
|
Batting: RHB Jorge Valenzuela
|
0-0: Called Strike 0-1: Ground out 1-3 (Groundball, 15S)
|
Top of the 7th over - 0 run(s), 1 hit(s), 0 error(s), 1 left on base; Nashua 4 - El Paso 11 |
BOTTOM OF THE 7TH |
El Paso Texans batting - Pitching for Nashua Redlegs : RHP Jason Spencer
|
Batting: RHB Marvin Johnson
|
0-0: DOUBLE (Line Drive, 7LS)
|
Batting: RHB Andrew O'Dell
|
0-0: Called Strike 0-1: Swinging Strike 0-2: Foul Ball, location: 2F 0-2: Fly out, F8 (Flyball, 8RS)
|
Batting: LHB Roberto Félix
|
0-0: Ball 1-0: Ball 2-0: Called Strike 2-1: Ball 3-1: Fly out, F6 (Line Drive, 6)
|
Batting: RHB Javier Álvarez
|
0-0: Swinging Strike 0-1: Foul Ball, location: 2F 0-2: Fly out, F8 (Flyball, 8LD)
|
Bottom of the 7th over - 0 run(s), 1 hit(s), 0 error(s), 1 left on base; Nashua 4 - El Paso 11 |
TOP OF THE 8TH |
Nashua Redlegs batting - Pitching for El Paso Texans : RHP Mike Marks
|
Batting: SHB José Vélez
|
0-0: Called Strike 0-1: Foul Ball, location: 2F 0-2: SINGLE (Groundball, 4MD)
|
Batting: RHB Dave Warren
|
0-0: Called Strike 0-1: Ball 1-1: Fly out, F3 (Line Drive, 3L) Lined into DP, U3 (Line Drive, 3L)
|
Batting: SHB Chris Young
|
0-0: Swinging Strike 0-1: Ground out U3 (Groundball, 34S)
|
Top of the 8th over - 0 run(s), 1 hit(s), 0 error(s), 0 left on base; Nashua 4 - El Paso 11 |
BOTTOM OF THE 8TH |
El Paso Texans batting - Pitching for Nashua Redlegs : RHP Jason Spencer
|
Batting: LHB Cipriano Rangel
|
0-0: Foul Ball, location: 2F 0-1: Ball 1-1: Swinging Strike 1-2: Strikes out swinging
|
Batting: SHB Oliver Riley
|
0-0: Foul Ball, location: 2F 0-1: Ball 1-1: Ball 2-1: Ball 3-1: DOUBLE (Line Drive, 9LM)
|
Batting: LHB Michael Melton
|
0-0: Foul Ball, location: 2F 0-1: Foul Ball, location: 2F 0-2: SINGLE (Line Drive, 4D) Oliver Riley to third Runner from 3rd tries for Home, SAFE, no throw
|
Pitching: RHP Samuel Farrell
|
|
Batting: RHB Jody Díaz
|
0-0: Ball 1-0: Called Strike 1-1: Called Strike 1-2: Foul Ball, location: 2F 1-2: Ball 2-2: Foul Ball, location: 2F 2-2: Strikes out swinging
|
Batting: LHB William Foley
|
0-0: Ball 1-0: Ball 2-0: Called Strike 2-1: Fly out, F3 (Popup, 3L)
|
Bottom of the 8th over - 1 run(s), 2 hit(s), 0 error(s), 1 left on base; Nashua 4 - El Paso 12 |
TOP OF THE 9TH |
Nashua Redlegs batting - Pitching for El Paso Texans : RHP Mike Marks
|
Batting: LHB César Rodríguez
|
0-0: Swinging Strike 0-1: Fly out, F8 (Flyball, 8LM)
|
Batting: RHB Bob Fitzgerald
|
0-0: Called Strike 0-1: SINGLE (Flyball, 89S)
|
Pitching: RHP Ralph Miller
|
|
Batting: RHB Joe Smith
|
0-0: Foul Ball, location: 2F 0-1: Swinging Strike 0-2: Foul Ball, location: 2F 0-2: Ball 1-2: Strikes out swinging
|
Batting: LHB Bob Campbell
|
0-0: Fielders Choice at 2nd, U4 (Groundball, 4M)
|
Top of the 9th over - 0 run(s), 1 hit(s), 0 error(s), 1 left on base; Nashua 4 - El Paso 12 |
|